 Dungeon Crawl Stone Soup version 0.24-a0-507-g3e8b242632 (webtiles) character file.

Game seed: 16714257814631135216

4292 Gynju the Destroyer (level 10, -2/86 HPs)
             Began as a Pale Draconian Conjurer on July 19, 2019.
             Was a Believer of Vehumet.
             Slain by a wolf (6 damage)
             ... led by Grum
             ... on level 8 of the Dungeon.
             The game lasted 00:26:40 (10491 turns).

Gynju the Destroyer (Pale Draconian Conjurer)      Turns: 10491, Time: 00:26:40

Health: -2/86      AC: 11    Str: 10    XL:     10   Next: 11%
Magic:  5/16       EV: 15    Int: 20    God:    Vehumet [**....]
Gold:   399        SH:  0    Dex: 11    Spells: 10/17 levels left

rFire    . . .     SeeInvis .   y - +5 halberd (protect)
rCold    . . .     Gourm    .   (shield currently unavailable)
rNeg     . . .     Faith    .   (armour unavailable)
rPois    .         Spirit   .   (helmet restricted)
rElec    .         Reflect  .   (no cloak)
rCorr    .         Harm     .   q - +0 pair of gloves
MR       +....                  (no boots)
Stlth    ++........             (no amulet)
HPRegen  0.24/turn              n - +3 ring of protection
MPRegen  0.15/turn              s - ring of protection from magic

@: very slightly contaminated, hasted, very quick
A: breathe steam, unfitting armour, cold-blooded, AC +7
a: Breathe Steam, Renounce Religion


You were on level 8 of the Dungeon.
You worshipped Vehumet.
Vehumet was pleased with you.
You were hungry.

You visited 2 branches of the dungeon, and saw 10 of its levels.

You collected 399 gold pieces.

Inventory:

Hand Weapons
 a - a +1 whip of freezing
 b - a +0 hunting sling
 y - a +5 halberd of protection (weapon)
 z - a +0 falchion
Missiles
 f - 103 sling bullets
 l - 318 stones (quivered)
 t - 48 poisoned darts
Armour
 d - a +0 buckler
 q - a +0 pair of gloves (worn)
Jewellery
 h - a cursed ring of teleportation {unknown}
 n - a +3 ring of protection (left hand)
 s - a ring of protection from magic (right hand)
Wands
 c - a wand of polymorph (13)
 A - a wand of iceblast (10)
Scrolls
 e - 5 scrolls of identify
 i - a scroll of amnesia
 k - 8 scrolls of remove curse
 o - 4 scrolls of fear {unknown}
 u - 3 scrolls of teleportation {unknown}
 x - 2 scrolls of magic mapping {unknown}
Potions
 g - a potion of might {unknown}
 j - 3 potions of agility
 m - 3 potions of flight
 r - a potion of cancellation
 v - a potion of resistance {unknown}
 w - a potion of haste
Comestibles
 p - 24 rations
 B - a chunk of flesh


   Skills:
 + Level 7.3 Fighting
 + Level 6.4 Dodging
 - Level 1.7 Stealth
 - Level 4.0 Shields
 - Level 4.0 Spellcasting
 + Level 9.3 Conjurations
 - Level 4.0 Hexes


You had 10 spell levels left.
You knew the following spells:

 Your Spells              Type           Power        Failure   Level  Hunger
a - Magic Dart            Conj           ####         1%          1    None
b - Searing Ray           Conj           #####.       1%          2    #......
c - Dazzling Spray        Conj/Hex       ####..       2%          3    ###....
d - Shock                 Conj/Air       ###.         1%          1    None

Your spell library contained the following spells:

 Spells                   Type           Power        Failure   Level  Hunger
 Stone Arrow              Conj/Erth      ###...       5%          3    ###....
 Confusing Touch          Hex            ###...       2%          1    None
 Iskenderun's Mystic Bla  Conj           #####...     2%          4    ####...
 Fulminant Prism          Conj/Hex       ####......   9%          4    ####...
 Animate Skeleton         Necr           N/A          13%         1    None
 Apportation              Tloc           #.....       13%         1    None
 Summon Small Mammal      Summ           #...         13%         1    None
 Force Lance              Conj/Tloc      ###.....     19%         4    ####...


Dungeon Overview and Level Annotations

Branches:
Dungeon (9/15)             Temple (1/1) D:4
   Lair: D:8-11         Orc: D:9-12

Altars:
Ashenzari
Dithmenos
Fedhas
Gozag
Hepliaklqana
Kikubaaqudgha
Makhleb
Okawaru
Qazlal
Ru
Sif Muna
Trog
Uskayaw
Vehumet
Wu Jian
Xom
Zin
The Shining One

Shops:
D:4 (   D:6 (   D:7 [

Annotations:
D:7 2 transporters, Elric's ghost, novice OgTm
D:8 Pikel


Innate Abilities, Weirdness & Mutations

You can breathe blasts of scalding, opaque steam.
Your pale cyan-grey scales are hard. (AC +7)
You cannot fit into any form of body armour.
You are cold-blooded and may be slowed by cold attacks.


Message History

* * * LOW HITPOINT WARNING * * *
Pikel burns you.
* * * LOW HITPOINT WARNING * * *
The wolf bites you but does no damage.
You barely miss the wolf.
The wolf is heavily wounded.
The wolf misses you. The wolf bites you.
* * * LOW HITPOINT WARNING * * *
Pikel misses you. The wolf bites you but does no damage. The wolf misses you.
Some of the chunks of flesh in your inventory have rotted away.
You barely miss the wolf.
You tail-slap the wolf, but do no damage.
The wolf is heavily wounded.
The wolf bites you.
* * * LOW HITPOINT WARNING * * *
The wolf bites you but does no damage. Pikel hits you but does no damage.
You closely miss the wolf.
The wolf is heavily wounded.
The wolf bites you.
You die...

..# ..# .## ##############
.####............#
[.........######.#
##.######.# #.# ##### #.#
### #.# ##...# ##.## ###
#h# ####..... #...## #.##
#@## #........ .....##
#..## #hK# #.##...).
.....>#
#...############.###...#
.....#####....######...##.#
##.##
#....###.#..#......#......#
#.#
##...##._..#######.))...###
#.#
..[..###.#..#......#.###.##
#.## ###..#####....########
##.## #... #.....# #...##
#### ##.######


You could see Pikel and 2 wolves.

Vanquished Creatures
  2 trolls (D:9)
  A hippogriff (D:7)
  A wraith (D:9)
  A hungry ghost (D:7)
  A sky beast (D:6)
  An orc warrior (D:8)
  3 black bears
  A phantom (D:7)
  3 ice beasts
  A slave (D:8)
  8 ogres
  A wolf (D:8)
  2 centaurs
  A big kobold (D:9)
  3 bullfrogs
  A water moccasin skeleton (D:7)
  2 scorpions
  4 killer bees (D:8)
  A howler monkey (D:4)
  7 crimson imps
  4 hounds
  A centaur skeleton (D:3)
  2 orc priests
  4 orc wizards
  2 bullfrog skeletons
  An iguana (D:7)
  4 worker ants
  A hound skeleton (D:5)
  A howler monkey zombie (D:8)
  A worker ant zombie (D:5)
  3 gnolls
  9 adders
  5 shadow imps
  2 oozes
  3 worms
  5 dart slugs
  4 leopard geckos
  20 orcs
  8 giant cockroaches
  11 goblins
  10 hobgoblins
  14 jackals
  4 quokkas
  A ball python (D:3)
  12 bats
  7 frilled lizards
  A jackal zombie (D:5)
  16 kobolds
  12 rats
213 creatures vanquished.

Notes
Turn   | Place    | Note
-------+----------+-------------------------------------------
     0 | D:1      | Gynju the Draconian Conjurer began the quest for the Orb.
     0 | D:1      | Reached XP level 1. HP: 14/14 MP: 3/3
   323 | D:1      | Reached XP level 2. HP: 9/20 MP: 0/5
  1150 | D:1      | Reached XP level 3. HP: 26/26 MP: 5/7
  2287 | D:2      | Reached XP level 4. HP: 33/33 MP: 1/8
  2740 | D:2      | Reached skill level 5 in Conjurations
  3002 | D:3      | Found a stormy altar of Qazlal.
  3421 | D:3      | Learned a level 2 spell: Searing Ray
  3438 | D:3      | Reached XP level 5. HP: 27/38 MP: 10/10
  4099 | D:4      | Found a staircase to the Ecumenical Temple.
  4112 | Temple   | Entered the Ecumenical Temple
  4165 | Temple   | Became a worshipper of Vehumet
  4326 | D:4      | Noticed an ogre
  4335 | D:4      | Learned a level 3 spell: Dazzling Spray
  4338 | D:4      | Killed an ogre
  4338 | D:4      | Reached skill level 6 in Conjurations
  4338 | D:4      | Reached XP level 6. HP: 45/45 MP: 0/12
  4590 | D:4      | Found Nidixaq's Antique Weapon Shoppe.
  4851 | D:5      | Entered Level 5 of the Dungeon
  4879 | D:4      | Reached skill level 1 in Fighting
  5342 | D:5      | Found an ornate altar of the Wu Jian Council.
  5519 | D:4      | Your scales start taking on a pale cyan-grey colour.
  5519 | D:4      | Reached XP level 7. HP: 51/56 MP: 3/13
  5789 | D:5      | Reached * piety under Vehumet
  5789 | D:5      | Offered knowledge of Shock by Vehumet.
  5792 | D:5      | Learned a level 1 spell: Shock
  6135 | D:6      | Reached skill level 7 in Conjurations
  6135 | D:6      | Reached skill level 1 in Hexes
  6880 | D:6      | Reached XP level 8. HP: 66/66 MP: 11/14
  6900 | D:6      | Reached skill level 1 in Shields
  7024 | D:6      | Found Yviyntej's Weapon Shoppe.
  7335 | D:7      | Found Firunwiv's Antique Armour Shop.
  7453 | D:7      | Noticed a hippogriff
  7466 | D:7      | Killed a hippogriff
  7838 | D:7      | Reached skill level 5 in Fighting
  7982 | D:7      | Reached skill level 8 in Conjurations
  7982 | D:7      | Reached XP level 9. HP: 71/74 MP: 1/15
  8130 | D:7      | Found a transporter.
  8147 | D:7      | Found a transporter.
  8150 | D:7      | Noticed a komodo dragon
  8151 | D:7      | Noticed Elric's ghost (novice OgTm)
  8153 | D:7      | Noticed a moth of wrath
  8522 | D:7      | Found a glowing silver altar of Zin.
  8522 | D:7      | Found a stormy altar of Qazlal.
  8527 | D:7      | Found a deep blue altar of Sif Muna.
  8530 | D:7      | Found a bloodstained altar of Trog.
  8531 | D:7      | Found a shadowy altar of Dithmenos.
  8730 | D:8      | Reached ** piety under Vehumet
  8730 | D:8      | Offered knowledge of Freeze by Vehumet.
  8730 | D:8      | Reached skill level 5 in Dodging
  9023 | D:8      | Found a glowing golden altar of the Shining One.
  9553 | D:8      | Offered knowledge of Stone Arrow by Vehumet.
  9587 | D:8      | Found a glowing golden altar of the Shining One.
  9759 | D:9      | Noticed a troll
  9770 | D:9      | Killed a troll
  9770 | D:9      | Reached skill level 9 in Conjurations
  9856 | D:9      | Noticed a troll
  9881 | D:9      | Killed a troll
  9961 | D:9      | Reached XP level 10. HP: 80/86 MP: 13/16
 10411 | D:9      | Noticed Pikel
 10490 | D:8      | HP: 3/86 [wolf[Grum] (3)]
 10491 | D:8      | Slain by a wolf

Levels and vault maps discovered:
D:1:      lightli_iron_boxes, layout_loops_ring, serial_park_tiny_pond
D:2:      minmay_diamond_boxcup, layout_basic
D:3:      layout_loops_cross, minmay_misc_feat_hallway,
          nicolae_qazlal_general_emergency
D:4:      layout_basic, minmay_temple_entry_drinking_statues, serial_shops, shop
D:5:      layout_cave_pools, lemuel_doored_altar, first_ration, corexii_shack
D:6:      layout_rooms, serial_shops, kennysheep_mini_moat
D:7:      layout_rooms, chequers_temple_overflow_minitemple, serial_shops,
          shop_fountains, gammafunk_ghost_berserking_beasts, grunt_ogre_cave
D:8:      layout_loops_ring, basic_altar, nicolae_tso_swordbearing_angel
D:9:      layout_grid_maze, minmay_tree_intersection, uniq_grum, uniq_pikel
Temple:   compressed_dpeg_circular_temple

Skill      XL: |  1  2  3  4  5  6  7  8  9 |
---------------+----------------------------+-----
Spellcasting   | 3 4 |  4.0
Conjurations   | 5 6 7 8 9 |  9.3
Dodging        | 2 3 4 6 |  6.4
Fighting       | 2 3 5 7 |  7.3
Hexes          | 1 3 4 |  4.0
Shields        | 3 4 |  4.0
Stealth        | |  1.7

Action                   |  1- 3 |  4- 6 |  7- 9 | 10-12 || total
-------------------------+-------+-------+-------+-------++-------
Melee: Mace              |    26 |       |       |       ||    26
       Unarmed           |     3 |       |       |       ||     3
       Tailslap          |     3 |    11 |    12 |     3 ||    29
       Whip              |     2 |    15 |       |       ||    17
       Glaive            |       |   170 |       |       ||   170
       Halberd           |       |    26 |   166 |    46 ||   238
 Cast: Magic Dart        |   102 |    68 |    12 |       ||   182
       Dazzling Spray    |       |     6 |    32 |     9 ||    47
       Shock             |       |       |   184 |    15 ||   199
       Searing Ray       |       |       |     3 |       ||     3
 Abil: Breathe Steam     |       |       |     1 |       ||     1
  Use: Scroll            |       |    11 |       |       ||    11
       Potion            |       |     2 |       |     2 ||     4
 Stab: Sleeping          |     1 |     7 |     2 |       ||    10
       Invisible         |       |     1 |    12 |       ||    13
  Eat: Chunk             |     5 |    10 |     9 |     2 ||    26
       Ration            |       |       |     4 |       ||     4
Armor: Skin              |    12 |   188 |   103 |    43 ||   346
Dodge: Dodged            |    34 |   260 |   215 |    92 ||   601

Table legend:
 A = Non-vault XP
 B = Vault XP
 C = Vault XP percentage of total XP
 D = Non-vault monster count
 E = Vault monster count
 F = Vault count percentage of total count
                 A         B        C        D         E       F
            +---------+---------+-------+---------+---------+-------
      Total |    5894 |     238 |   3.9 |     203 |       9 |   4.2
            +---------+---------+-------+---------+---------+-------
        D:1 |      57 |       0 |   0.0 |      31 |       0 |   0.0
        D:2 |      60 |       8 |  11.8 |      29 |       6 |  17.1
        D:3 |      85 |       0 |   0.0 |      22 |       0 |   0.0
        D:4 |     458 |       0 |   0.0 |      20 |       0 |   0.0
        D:5 |     347 |       1 |   0.3 |      15 |       1 |   6.2
        D:6 |     841 |       0 |   0.0 |      23 |       0 |   0.0
        D:7 |    1184 |     113 |   8.7 |      16 |       1 |   5.9
        D:8 |    1572 |     116 |   6.9 |      32 |       1 |   3.0
        D:9 |    1290 |       0 |   0.0 |      15 |       0 |   0.0
            +---------+---------+-------+---------+---------+-------
